 Dungeon Crawl Stone Soup version 0.29.1-1-gd02db6906a (webtiles) character file.

Game seed: 14192455985020117074

30 quakins the Shield-Bearer (level 3, -2/29 HPs)
             Began as a Formicid Fighter on Oct 17, 2022.
             Killed from afar by a white imp (8 damage)
             ... with a puff of frost
             ... summoned by Natasha
             ... on level 2 of the Dungeon.
             The game lasted 00:01:44 (1076 turns).

quakins the Shield-Bearer (Formicid Fighter)        Turns: 1076, Time: 00:01:45

Health: -2/29      AC:  6    Str: 22    XL:     3   Next: 35%
Magic:  3/3        EV:  9    Int:  7    God:
Gold:   109        SH:  5    Dex: 13    Spells: 2/2 levels left

rFire   . . .      SeeInvis +   a - +0 flail
rCold   . . .      Faith    .   c - +0 buckler
rNeg    . . .      Spirit   .   b - +0 scale mail
rPois   .          Reflect  .   (helmet unavailable)
rElec   .          Harm     .   (no cloak)
rCorr   .          Rampage  .   (no gloves)
Will    .....                   (no boots)
Stlth   ..........              (no amulet)
HPRegen 0.09/turn               (no ring)
MPRegen 0.08/turn               (no ring)

@: no status effects
A: permanent stasis, dig shafts and tunnels, antennae 3, four strong arms
a: Dig, Shaft Self


You were on level 2 of the Dungeon.
You visited 1 branch of the dungeon, and saw 2 of its levels.

You collected 109 gold pieces.

Inventory:

Hand Weapons
 a - a +0 flail (weapon)
Armour
 b - a +0 scale mail (worn)
 c - a +0 buckler (worn)
Scrolls
 g - a scroll of fear {unknown}
Potions
 d - a potion of might
 e - a potion of invisibility {unknown}
 f - a potion of magic {unknown}
 h - 2 potions of haste {unknown}


   Skills:
 - Level 3.2 Fighting
 + Level 3.5 Maces & Flails
 - Level 3.2 Armour
 - Level 4.0 Shields


You had 2 spell levels left.
You didn't know any spells.
Your spell library was empty.

Dungeon Overview and Level Annotations

Branches:
Dungeon (2/15)

Altars:

Annotations:
D:2 Natasha


Innate Abilities, Weirdness & Mutations

You cannot be hasted, slowed, berserked, paralysed or teleported.
You can dig through walls and to a lower floor.
You have a pair of large antennae on your head. (SInv)
Your four strong arms can wield two-handed weapons with a shield.


Message History

Natasha casts a spell at you. The magic dart hits you.
You sock the endoplasm!
You kill the endoplasm!
You hit Natasha but do no damage. Natasha casts a spell at you.
Your stasis prevents you from being slowed.
Natasha claws you.
You barely miss Natasha. Natasha claws you.
You closely miss Natasha. Natasha claws you.
The shadow imp hits you but does no damage.
You hit Natasha.
Natasha is moderately wounded.
Natasha claws you. The shadow imp hits you. Natasha claws you.
You hit Natasha.
Natasha is heavily wounded.
You block the shadow imp's attack. Natasha claws you but does no damage.
You closely miss Natasha.
Natasha is heavily wounded.
The shadow imp closely misses you.
Natasha casts a spell.
The shadow imp hits you.
You closely miss Natasha.
Natasha is heavily wounded.
Natasha casts a spell.
The shadow imp lashes its tail.
The shadow imp hits you but does no damage.
You barely miss Natasha.
Natasha is heavily wounded.
Natasha claws you.
The shadow imp hits you but does no damage.
The white imp barely misses you.
You closely miss Natasha.
Natasha is heavily wounded.
Natasha claws you.
* * * LOW HITPOINT WARNING * * *
You block the shadow imp's attack. The white imp gestures at you.
The puff of frost hits you!
You die...

.####.###.##.....
.........<.......
..#.#..........
{..####.#.####.....
...............###
.......#.####....
..######.# ..
#......# . #.5@..##
.....5h5..#
..........#
.......#### .......
.....#. .....##
.....


You could see an iron imp (summoned), Natasha, a white imp (summoned) and a
shadow imp (summoned).

Vanquished Creatures
  4 ball pythons (D:1)
  3 bats (D:1)
  4 endoplasms
  A giant cockroach (D:1)
  2 goblins (D:1)
  A hobgoblin (D:1)
  2 kobolds (D:1)
  4 quokkas (D:1)
  A frilled lizard (D:1)
  3 rats (D:1)
25 creatures vanquished.

Notes
Turn   | Place    | Note
-------+----------+-------------------------------------------
     0 | D:1      | quakins the Formicid Fighter began the quest for the Orb.
     0 | D:1      | Reached XP level 1. HP: 18/18 MP: 1/1
   264 | D:1      | Reached XP level 2. HP: 24/24 MP: 2/2
   449 | D:1      | Found a faded altar of an unknown god.
   531 | D:1      | Reached XP level 3. HP: 29/29 MP: 3/3
  1063 | D:2      | Noticed Natasha
  1076 | D:2      | Killed from afar by a white imp

Illustrated notes

Levels and vault maps discovered:
D:1:      co_arrival_random_square_maze, layout_loops_cross,
          basic_ecumenical_altar, minmay_misc_feat_rugged
D:2:      layout_basic, minmay_close_crescents, uniq_terence, uniq_natasha

Skill      XL: |  1  2 |
---------------+-------+-----
Maces & Flails | 3 |  3.5
Fighting       | |  3.2
Armour         | |  3.2
Shields        | |  4.0

Action                   || total
-------------------------++-------
Melee: Flail             ||    76
Armor: Scale mail        ||    41
Dodge: Dodged            ||    32
Block: Buckler           ||    20
